 Dungeon Crawl Stone Soup version 0.27.0-1-g7a089689b8 (webtiles) character file.

Game seed: 1577253791245073956

408 theswoord the Twirler (level 6, -2/44 HPs)
             Began as a Demonspawn Gladiator on Aug 7, 2021.
             Was an Initiate of Wu Jian.
             Slain by Zgarb's ghost (3 damage)
             ... on level 4 of the Dungeon.
             The game lasted 00:05:54 (4365 turns).

theswoord the Twirler (Demonspawn Gladiator)        Turns: 4365, Time: 00:05:55

Health: -2/44      AC: 12    Str: 17      XL:     6   Next: 57%
Magic:  6/6        EV: 10    Int:  8 (9)  God:    Wu Jian [......]
Gold:   216        SH:  0    Dex: 12 (14) Spells: 5/5 levels left

rFire    . . .     SeeInvis .   a - +0 quarterstaff
rCold    . . .     Faith    .   (shield currently unavailable)
rNeg     . . .     Spirit   .   g - +0 scale mail
rPois    .         Reflect  .   c - +0 helmet
rElec    .         Harm     .   (no cloak)
rCorr    .         Rampage  .   h - +2 pair of gloves
Will     .....                  (no boots)
Stlth    ..........             (no amulet)
HPRegen  0.14/turn              (no ring)
MPRegen  0.10/turn              (no ring)

@: brilliant
A: talons 1, icy blue scales 1, condensation shield
a: Renounce Religion


You were on level 4 of the Dungeon.
You worshipped Wu Jian.
Wu Jian was noncommittal.
You visited 1 branch of the dungeon, and saw 4 of its levels.

You collected 216 gold pieces.

Inventory:

Hand Weapons
 a - a +0 quarterstaff (weapon)
Missiles
 d - 3 throwing nets (quivered)
Armour
 b - a +0 leather armour
 c - a +0 helmet (worn)
 g - a +0 scale mail (worn)
 h - a +2 pair of gloves (worn)
Jewellery
 i - a ring of magical power
 j - a ring of flight
Scrolls
 e - 4 scrolls of identify
 k - a scroll of enchant armour {unknown}
Potions
 f - 2 potions of attraction


   Skills:
 - Level 2.0 Fighting
 + Level 6.8 Staves
 - Level 1.7 Throwing
 - Level 2.6 Dodging


You had 5 spell levels left.
You didn't know any spells.
Your spell library was empty.

Dungeon Overview and Level Annotations

Branches:
Dungeon (4/15)
 Temple: D:4-7

Altars:
Vehumet
Wu Jian
Zin

Annotations:
D:4 Zgarb's ghost, novice GnDe


Innate Abilities, Weirdness & Mutations

You have sharp toenails.
You are partially covered in icy blue scales. (AC +2)
A meltable shield of frost defends you. (SH +0)


Message History

Zgarb's ghost is moderately damaged.
Zgarb's ghost hits you. Zgarb's ghost burns you.
You hit Zgarb's ghost but do no damage.
Zgarb's ghost is moderately damaged.
Zgarb's ghost whispers, "They're coming for you..."
Zgarb's ghost hits you but does no damage.
You hit Zgarb's ghost but do no damage. Your kick misses Zgarb's ghost.
Zgarb's ghost is moderately damaged.
Zgarb's ghost hits you!
* * * LOW HITPOINT WARNING * * *
Zgarb's ghost burns you.
* * * LOW HITPOINT WARNING * * *
You closely miss Zgarb's ghost.
Zgarb's ghost is moderately damaged.
Zgarb's ghost barely misses you.
You hit Zgarb's ghost but do no damage. Your kick misses Zgarb's ghost.
Zgarb's ghost is moderately damaged.
Zgarb's ghost laughs crazily.
Zgarb's ghost hits you.
* * * LOW HITPOINT WARNING * * *
Zgarb's ghost burns you.
* * * LOW HITPOINT WARNING * * *
You hit Zgarb's ghost but do no damage.
Zgarb's ghost is moderately damaged.
Zgarb's ghost closely misses you.
You barely miss Zgarb's ghost.
Zgarb's ghost is moderately damaged.
Zgarb's ghost hits you but does no damage.
You barely miss Zgarb's ghost. Your kick misses Zgarb's ghost.
Zgarb's ghost is moderately damaged.
Zgarb's ghost hits you.
* * * LOW HITPOINT WARNING * * *
Zgarb's ghost burns you.
* * * LOW HITPOINT WARNING * * *
You hit Zgarb's ghost but do no damage.
Zgarb's ghost is moderately damaged.
Zgarb's ghost hits you.
* * * LOW HITPOINT WARNING * * *
Zgarb's ghost burns you.
You die...

..........# #.########.######
..........# #....)......#
#####.##.## ##########.##
#####.#..># ### ......#...# ###
#####.#...# #♣8♣# #.#..## #.$.#
#.#..# ##W## #.#..# #.@.# #.#..#
#..## #.##.# ##.## ## #.##.# #..#
#. #####.##.# #.## #######
......##.#####.# #≈≈≈≈≈≈
......##.......# #≈.....
########.#.################≈.....
#.#.# #..........#≈..♣♣♣


You could see Zgarb's ghost.

Vanquished Creatures
  An ogre (D:4)
  A centaur (D:3)
  A phantom (D:4)
  A hound (D:4)
  6 adders
  An adder skeleton (D:4)
  A worm (D:3)
  A dart slug (D:1)
  11 orcs
  10 ball pythons
  7 endoplasms
  A giant cockroach (D:2)
  5 goblins
  6 hobgoblins
  3 jackals (D:1)
  2 quokkas
  8 bats
  6 frilled lizards
  5 kobolds
  3 rats
80 creatures vanquished.

Vanquished Creatures (others)
  7 fungi (D:2)
  5 plants (D:2)
12 creatures vanquished.

Grand Total: 92 creatures vanquished

Notes
Turn   | Place    | Note
-------+----------+-------------------------------------------
     0 | D:1      | theswoord the Demonspawn Gladiator began the quest for the
                  | Orb.
     0 | D:1      | Reached XP level 1. HP: 16/16 MP: 1/1
   171 | D:1      | Reached skill level 3 in Staves
   376 | D:1      | Gained mutation: You have sharp toenails. [demonic
                  | ancestry]
   376 | D:1      | Reached XP level 2. HP: 17/22 MP: 2/2
  1282 | D:1      | Reached XP level 3. HP: 22/27 MP: 3/3
  1735 | D:2      | Reached skill level 4 in Staves
  2351 | D:2      | Found a faded altar of an unknown god.
  2399 | D:2      | Reached XP level 4. HP: 27/33 MP: 4/4
  2645 | D:3      | Noticed a centaur
  2658 | D:3      | Killed a centaur
  2659 | D:3      | Reached skill level 5 in Staves
  2659 | D:3      | Gained mutation: A meltable shield of frost defends you.
                  | (SH +0) [demonic ancestry]
  2659 | D:3      | Reached XP level 5. HP: 10/38 MP: 5/5
  3223 | D:3      | Found an ornate altar of the Wu Jian Council.
  3234 | D:3      | Became a worshipper of the Wu Jian Council
  3531 | D:3      | Found a radiant altar of Vehumet.
  3836 | D:4      | Noticed an ogre
  3844 | D:4      | Killed an ogre
  3845 | D:4      | Reached skill level 6 in Staves
  3845 | D:4      | Gained mutation: You are partially covered in icy blue
                  | scales. (AC +2) [demonic ancestry]
  3845 | D:4      | Reached XP level 6. HP: 44/44 MP: 6/6
  4247 | D:4      | Found a runed translucent door.
  4249 | D:4      | Noticed Zgarb's ghost (novice GnDe)
  4365 | D:4      | HP: 1/44 [Zgarb's ghost (5)]
  4365 | D:4      | Slain by Zgarb's ghost

Skill      XL: |  1  2  3  4  5 |
---------------+----------------+-----
Staves         | 3 4 5 6 |  6.8
Fighting       | |  2.0
Throwing       | |  1.7
Dodging        | |  2.6

Action                   |  1- 3 |  4- 6 || total
-------------------------+-------+-------++-------
Melee: Quarterstaff      |   103 |   135 ||   238
       Kick              |    16 |    32 ||    48
Invok: Lunge             |       |     5 ||     5
  Use: Scroll            |     1 |     1 ||     2
       Potion            |       |     3 ||     3
 Stab: Sleeping          |     1 |       ||     1
Armor: Leather armour    |    18 |       ||    18
       Scale mail        |    20 |    50 ||    70
Dodge: Dodged            |    56 |    56 ||   112
Block: Other             |       |    22 ||    22

Levels and vault maps discovered:
D:1:      tarquinn_simple_flora_water_d, layout_basic, grunt_decor_one_mirror
D:2:      layout_basic, shapermc_ecumenical_altar_mp_urbaneastern,
          kennysheep_generic_room_13
D:3:      layout_rooms, vehumet_crystals, mainiacjoe_overflow_catch_the_wave
D:4:      layout_loops_ring, gammafunk_ghost_grave, kennysheep_path_1
